Map: 로스트 앤 파운드 - 래더

Players

TRUE - Winner!

  • Race: Zerg Zerg
  • Spawn Location: 1:00

drumhead

  • Race: Protoss Protoss
  • Spawn Location: 7:00

Event: WCS Austin 2018

VOD

Have the link to the VOD?

Description

Time

  • Played on: June 1, 2018, 1:33 p.m.
  • Length: 3:07

All games in this series

Show
View Real Time Build Order
Export as new Build Order

TRUE Zerg - Winner!

Build Orders: Hatch First 

Get SALT Encoding   

  12  0:00  Drone  
  13  0:12  Overlord  
  13  0:16  Drone  
  14  0:31  Drone x2  
  14  0:34  Drone  
  17  0:51  Hatchery  
  17  0:54  Drone  
  17  1:08  Spawning Pool  
  17  1:11  Drone  
  17  1:14  Drone  
  17  1:17  Extractor  
  17  1:19  Drone  
  18  1:31  Drone  
  19  1:39  Drone  
  20  1:48  Hatchery  
  20  1:50  Drone  
  20  2:00  Queen  
  22  2:09  Queen  
  22  2:13  Zergling x2  
  25  2:22  Drone  
  26  2:25  Zergling x2  
  26  2:28  Zergling x2  
  28  2:33  Overlord  
Show
View Real Time Build Order
Export as new Build Order

drumhead Protoss 

Build Orders:  

Get SALT Encoding   

  12  0:01  Probe  
  13  0:13  Probe  
  14  0:19  Pylon  
  14  0:25  Probe  
  15  0:37  Probe  
  15  0:38  Gateway  
  16  0:44  Assimilator  
  16  0:48  Probe  
  17  0:56  Probe  
  18  1:04  Probe  
  19  1:17  Probe  
  20  1:31  Probe, Cybernetics Core  
  21  1:34  Assimilator  
  21  1:44  Probe  
  22  1:56  Probe  
  23  2:01  Gateway  
  23  2:05  Pylon  
  23  2:23  Adept, Probe  
  26  2:37  Pylon  
  26  2:40  Probe  
Tags
 
Add a new tag
Caveats
  • Supply blocks, unpowered buildings, or Contaminate may cause inaccurate times.
  • Supply counts are checked every 10 seconds.